Description

Economic opener that focuses on a runby with two Hellions. Used by Maru in the SSL.

VOD

https://www.youtube.com/watch?v=Jgdryojr4v4

Build Order

Get SALT Encoding   

  14  0:17   Supply Depot  
  15  0:29   Refinery  
  16  0:44   Barracks  
  19  1:32   Reaper  
  20  1:32    Orbital Command  
  20  1:45   Command Center  
  21  2:02   Factory  
  21  2:07    Barracks Reactor  
  22  2:17   Supply Depot  
  23  2:24   Refinery  
  24  2:45  Swap Factory and Barracks Action  
  24  2:48   Starport  
  24  2:51   Hellion x2  
  28  2:55  Swap Factory and Barracks Marine  
  31  3:20   Marine x2, Widow Mine  
  36  3:24  Medivac after Viking  
  46  3:50  Make 2 Tech Labs on Factory, swap when done Barracks x2  
  48  4:32   Supply Depot  
  52  4:33   Engineering Bay  
  53  4:43   Barracks Tech Lab  
  57  5:00   Starport Reactor  
  57  5:02   Terran Infantry Weapons Level 1  
  58  5:03   Stimpack  
  58  5:15   Factory Reactor  
  68  5:30   Combat Shields  
  82  6:04   Refinery x2  
  87  6:15  Move out with army Action  
  95  6:35   Command Center  
Spawning Tool Build Advisor. Get it on Overwolf

Go to:

Details

  • Created by: DisReSpeCTsc2
  • Published on: Jun 23, 2017
  • Modified on: Jun 23, 2017
  • Patch: 3.8.0
Show
View Real Time Build Order
Export as new Build Order

Comments (0)

There are no comments. Be the first!

Create an account to comment!